 Dungeon Crawl Stone Soup version 0.30.1-9-gdf580d7c3d (webtiles) character file.

Game seed: 5461993487390758015

85 tizbic2 the Trooper (level 4, -5/73 HPs)
             Began as an Ogre Berserker on Oct 24, 2023.
             Was a Believer of Trog.
             Slain by a gnoll
             ... wielding a +0 spear
              (7 damage)
             ... on level 2 of the Dungeon.
             The game lasted 00:04:55 (997 turns).

tizbic2 the Trooper (Ogre Berserker)                 Turns: 997, Time: 00:04:55

Health: -5/73      AC:  3    Str: 23    XL:     4   Next: 48%
Magic:  4/4        EV: 10    Int:  8    God:    Trog [**....]
Gold:   65         SH:  0    Dex:  8    Spells: 3/3 levels left

rFire   . . .        x - +0 flail
rCold   + . .        (no shield)
rNeg    . . .        b - +0 animal skin
rPois   .            (helmet restricted)
rElec   .            (no cloak)
rCorr   .            (gloves unavailable)
SInv    .            (boots unavailable)
Will    .....        (no amulet) Stlth
                     c - ring of protection from cold
HPRegen 0.32/turn    (no ring)
MPRegen 0.09/turn

%: no passive effects
@: berserking, very quick
A: large, unfitting armour, tough skin 1
a: Renounce Religion, Berserk, Trog's Hand


You were on level 2 of the Dungeon.
You worshipped Trog.
Trog was pleased with you.
You visited 1 branch of the dungeon, and saw 2 of its levels.

You collected 65 gold pieces.

Inventory:

Hand Weapons
 l - a +0 spear of flaming
 x - a +0 flail (weapon)
Missiles
 a - 4 boomerangs (quivered)
 e - 7 stones
 s - 4 curare-tipped darts
 t - 6 poisoned darts
Armour
 b - a +0 animal skin (worn)
 h - a scarf of shadows
Jewellery
 c - a ring of protection from cold (left hand)
Scrolls
 f - a scroll of enchant armour {unknown}
 g - a scroll of fog {unknown}
 o - a scroll of teleportation
Potions
 d - 2 potions of ambrosia
 i - a potion of berserk rage {unknown}
 j - 3 potions of brilliance {unknown}
 k - a potion of haste {unknown}
 m - a potion of curing {unknown}
 p - a potion of mutation {unknown}
 u - a potion of attraction {unknown}
 v - a potion of invisibility {unknown}
 w - a potion of lignification


   Skills:
 + Level 4.7 Fighting
 * Level 3.6(3.7) Maces & Flails
 - Level 0.6(0.9) Polearms
 - Level 0.6(2.6) Staves
 + Level 0.3 Throwing
 + Level 3.2 Dodging


You had 3 spell levels left.
You didn't know any spells.
Your spell library was empty.

Dungeon Overview and Level Annotations

Branches:
Dungeon (2/15)

Altars:


Innate Abilities, Weirdness & Mutations

You are too large for most types of armour.
You have tough skin. (AC +1)


Message History

The gnoll barely misses you.
The gnoll hits you from afar with a +0 spear!
The gnoll closely misses you.
You closely miss the gnoll.
The gnoll is heavily wounded.
The gnoll barely misses you.
The gnoll hits you from afar with a +0 spear!
The gnoll hits you with a +0 spear!
You barely miss the gnoll.
The gnoll is heavily wounded.
Your skin stops crawling.
You feel less strong-willed. The gnoll hits you with a +0 club.
The gnoll barely misses you. The gnoll closely misses you.
The gnoll attacks as you move away! The gnoll hits you with a +0 spear.
The gnoll attacks as you move away! The gnoll hits you with a +0 club.
The gnoll barely misses you.
You hit the gnoll but do no damage. The gnoll hits you with a +0 club.
The gnoll hits you from afar with a +0 spear.
* * * LOW HITPOINT WARNING * * *
The gnoll barely misses you. The gnoll attacks as you move away!
The gnoll hits you with a +0 club.
* * * LOW HITPOINT WARNING * * *
A red film seems to cover your vision as you go berserk!
You feel yourself moving faster!
You feel mighty! The gnoll hits you with a +0 club!
* * * LOW HITPOINT WARNING * * *
The gnoll hits you from afar with a +0 spear.
* * * LOW HITPOINT WARNING * * *
You bludgeon the gnoll!!
You kill the gnoll!
Trog accepts your kill. The gnoll barely misses you.
The gnoll closely misses you. The gnoll hits you with a +0 spear.
* * * LOW HITPOINT WARNING * * *
Things that are here:
a +0 club; a gnoll corpse You sock the gnoll!
The gnoll is severely wounded.
The gnoll hits you but does no damage. The gnoll hits you with a +0 spear!
You die...

######### ######### #.......#
###.......# #.......*
##########...##....# #.>....,*
###..........####.####**#.....,,*
....########## #..#,,,.,*#..†##**
.##.....#* #@##,**#..#.#..#
.........#* ####g#*,* *#......##
..........# #g)Jg#*,* ###.#...##
..........# #.###...# *#.##.†.#
..........# #.#**.###****.,*#.#.#
..........# #..#*.# *,,,?.,*#^#<.
..........#*#..#*.#**,,..,,*#.##.
......,,,,,,!...,..,,,...,,*#.##.
......,,,***#....##**,,,,,,*#..##


You could see 2 gnolls and an endoplasm.

Vanquished Creatures
  3 gnolls
  A worm (D:2)
  3 dart slugs
  5 orcs (D:2)
  A bat (D:2)
  4 endoplasms
  6 goblins
  4 hobgoblins
  A quokka (D:1)
  4 ball pythons
  A frilled lizard (D:2)
  3 kobolds
  7 rats
43 creatures vanquished.

Notes
Turn   | Place    | Note
-------+----------+-------------------------------------------
     0 | D:1      | tizbic2 the Ogre Berserker began the quest for the Orb.
     0 | D:1      | Reached XP level 1. HP: 24/24 MP: 1/1
   119 | D:1      | Reached XP level 2. HP: 32/32 MP: 2/2
   346 | D:1      | Reached XP level 3. HP: 28/40 MP: 3/3
   384 | D:1      | Found a faded altar of an unknown god.
   705 | D:2      | Reached ** piety under Trog
   742 | D:2      | Reached XP level 4. HP: 35/49 MP: 4/4
   996 | D:2      | HP: 2/73 [gnoll/+0 spear (5)]
   997 | D:2      | Slain by a gnoll

Illustrated notes

Levels and vault maps discovered:
D:1:      mainiacjoe_arrival_reflecting_pool, layout_rooms,
          hellmonk_ecumenical_altar_crossroads, serial_aquarium,
          aquarium_bridge_square [aquarium_subvault_bridge,
          aquarium_subvault_bridge, aquarium_subvault_bridge,
          aquarium_subvault_balcony], aquarium_window_1, aquarium_window_corner,
          aquarium_window_corridor_3, aquarium_window_fake, aquarium_view_2d,
          minmay_quantized
D:2:      layout_rooms

Skill      XL: |  1  2 |
---------------+-------+-----
Maces & Flails | 3 |  3.6
Dodging        | 3 |  3.2
Fighting       | |  4.7
Polearms       | |  0.6
Staves         | |  0.6
Throwing       | |  0.3

Action                     |  1- 3 |  4- 6 || total
---------------------------+-------+-------++-------
  Melee: Mace              |    36 |       ||    36
         Spear             |    64 |     2 ||    66
         Flail             |       |    22 ||    22
         Punch             |       |     1 ||     1
 Invoke: Trog's Hand       |     1 |     1 ||     2
         Berserk           |       |     1 ||     1
    Use: Scroll            |       |     8 ||     8
 Armour: Animal skin       |    12 |     7 ||    19
  Dodge: Dodged            |    38 |    21 ||    59
